 Dungeon Crawl Stone Soup version 0.24.0-13-gcf9b319 (webtiles) character file.

Game seed: 3795208768055590795, levelgen mode: deterministic

49 Fortress the Conjurer (level 3, -3/26 HPs)
             Began as a Draconian Conjurer on Jan 11, 2020.
             Slain by a gnoll (4 damage)
             ... on level 2 of the Dungeon.
             The game lasted 00:03:42 (1086 turns).

Fortress the Conjurer (Draconian Conjurer)          Turns: 1086, Time: 00:03:43

Health: -3/26      AC:  5    Str: 10    XL:     3   Next: 51%
Magic:  0/6        EV: 12    Int: 16    God:
Gold:   91         SH:  0    Dex: 11    Spells: 5/6 levels left

rFire    . . .     SeeInvis .   c - +3 dagger
rCold    . . .     Gourm    .   (no shield)
rNeg     . . .     Faith    .   (armour unavailable)
rPois    .         Spirit   .   (helmet restricted)
rElec    .         Reflect  .   e - scarf {cloud immunity}
rCorr    .         Harm     .   (no gloves)
MR       .....                  (no boots)
Stlth    ++........             (no amulet)
HPRegen  0.08/turn              (no ring)
MPRegen  0.10/turn              (no ring)

@: no status effects
A: unfitting armour, cold-blooded, AC +5
a: no special abilities


You were on level 2 of the Dungeon.
You were very hungry.

You visited 1 branch of the dungeon, and saw 2 of its levels.

You collected 91 gold pieces.

Inventory:

Hand Weapons
 c - a +3 dagger (weapon)
Missiles
 h - 14 poisoned darts (quivered)
Armour
 e - a scarf of cloud immunity (worn)
Scrolls
 a - a scroll of remove curse {unknown}
 g - a scroll of enchant weapon {unknown}
 i - a scroll of fear {unknown}
Potions
 d - 2 potions of degeneration {unknown}
 f - a potion of berserk rage {unknown}
Comestibles
 b - 2 rations


   Skills:
 + Level 0.1 Short Blades
 + Level 1.9 Dodging
 + Level 1.8 Stealth
 + Level 0.7 Unarmed Combat
 + Level 2.2 Spellcasting
 + Level 4.8 Conjurations


You had 5 spell levels left.
You knew the following spells:

 Your Spells              Type           Power        Failure   Level  Hunger
a - Magic Dart            Conj           ###.         2%          1    #......

Your spell library contained the following spells:

 Spells                   Type           Power        Failure   Level  Hunger
 Searing Ray              Conj           ###...       4%          2    ###....
 Dazzling Spray           Conj/Hex       #.....       22%         3    ###....
 Iskenderun's Mystic Bla  Conj           ###.....     26%         4    #####..
 Force Lance              Conj/Tloc      #.......     58%         4    #####..
 Fulminant Prism          Conj/Hex       #.........   58%         4    #####..


Dungeon Overview and Level Annotations

Branches:
Dungeon (2/15)

Altars:


Innate Abilities, Weirdness & Mutations

Your plain brown scales are hard. (AC +5)
You cannot fit into any form of body armour.
You are cold-blooded and may be slowed by cold attacks.


Message History

Casting: Magic Dart (safe; 2% risk of failure)
Confirm with . or Enter, or press ? or * to list all spells.
Aiming: Magic Dart (safe; 2% risk of failure)
Press: ? - help, Shift-Dir - straight line, f/p - gnoll
Aim: a gnoll (almost dead)
The magic dart hits the gnoll.
The gnoll is almost dead.
The gnoll hits you.
* * * LOW HITPOINT WARNING * * *
You closely miss the gnoll.
The gnoll is almost dead.
The gnoll misses you.
You closely miss the gnoll.
The gnoll is almost dead.
The gnoll closely misses you.
You hit the gnoll but do no damage.
You tail-slap the gnoll, but do no damage.
The gnoll is almost dead.
The gnoll hits you.
You die...

.. .. ##. . #..###.# ..
. #.#... ....# #. #.#.#
..... #. ####...# .###
..#.. .. ##.g@..# #....
#.. ####.##..##.## #...#
### ........###.####..#
#. ####...(..........#
#. #.?...(#.†......# #.
#.........†..###..# #.
....###..###....#.######
#. .... #...#
####........###. ..#
#.#.# ###.####...##


You could see a gnoll.

Vanquished Creatures
  2 gnolls (D:2)
  An ooze (D:1)
  A worm (D:2)
  2 dart slugs
  A leopard gecko (D:2)
  A giant cockroach (D:1)
  2 goblins (D:2)
  2 hobgoblins (D:2)
  A bat (D:1)
  A frilled lizard (D:2)
  5 kobolds
  A rat (D:2)
20 creatures vanquished.

Notes
Turn   | Place    | Note
-------+----------+-------------------------------------------
     0 | D:1      | Fortress the Draconian Conjurer began the quest for the
                  | Orb.
     0 | D:1      | Reached XP level 1. HP: 14/14 MP: 3/3
    18 | D:1      | You fall into a shaft and drop 1 floor!
   314 | D:1      | Reached XP level 2. HP: 20/20 MP: 3/5
  1040 | D:2      | Reached XP level 3. HP: 26/26 MP: 3/6
  1083 | D:2      | HP: 1/26 [gnoll (4)]
  1086 | D:2      | Slain by a gnoll

Levels and vault maps discovered:
D:1:      dpeg_arrival_lava_temple_mockup, layout_loops_cross,
          minmay_misc_feat_five
D:2:      layout_rooms

Action                   || total
-------------------------++-------
Melee: Unarmed           ||    17
       Tailslap          ||     6
       Dagger            ||    24
 Cast: Magic Dart        ||    39
Armor: Skin              ||     6
Dodge: Dodged            ||    28
